Description

Economic with drones

Build Order

Get SALT Encoding   

  12  0:01  Drone  
  13  0:13  Overlord  
  13  0:18  Drone  
  14  0:23  Drone  
  15  0:28  Drone  
  16  0:33  Drone  
  17  0:46  Spawning Pool  
  16  0:50  Drone  
  17  1:09  Hatchery  
  16  1:16  Extractor  
  15  1:18  Drone  
  16  1:20  Drone  
  17  1:24  Drone  
  18  1:28  Drone  
  19  1:33  Queen  
  21  1:41  Overlord  
  21  1:46  Drone  
  22  2:03  Zergling x2  
  23  2:09  Queen  
  25  2:22  Metabolic Boost  
  25  2:24  Zergling x4  
  27  2:29  Queen  
  29  2:32  Drone  
  30  2:37  Overlord  
  30  2:40  Drone  
  31  2:43  Drone  
  32  2:46  Drone  
  33  2:49  Drone  
  34  2:52  Drone  
  35  2:55  Drone  
  36  2:58  Drone  
  37  3:01  Drone  
  38  3:09  Roach Warren  
  37  3:11  Drone  
  38  3:13  Drone  
  39  3:15  Drone  
  40  3:17  Drone  
  41  3:19  Drone  
  42  3:21  Drone  
  42  3:24  Overlord  
  42  3:26  Drone  
  43  3:28  Drone  
  44  3:35  Hatchery  
  43  3:37  Drone  
  44  3:40  Overlord  
  44  3:42  Drone  
  45  3:44  Drone  
  46  3:46  Drone  
  47  3:48  Drone  
  48  3:50  Drone  
  49  3:52  Drone  
  50  3:54  Drone  
  51  3:56  Drone  
  51  3:59  Lair  
  51  4:02  Evolution Chamber  
  50  4:09  Extractor x2  
  48  4:29  Zerg Missile Weapons Level 1  
Spawning Tool Build Advisor. Get it on Overwolf

Analysis

Economic with drones

Go to:

Details

  • Created by: rustyspatular
  • Published on: Aug 18, 2019
  • Modified on: Aug 18, 2019
  • Patch: 4.7.1
  • Difficulty: Easy
Show
View Real Time Build Order
Export as new Build Order

Comments (0)

There are no comments. Be the first!

Create an account to comment!